TOP OF THE 1ST |
Richmond Flairs batting - Pitching for Topeka Tornados : LHP Anthony Erickson
|
Pitching: LHP Anthony Erickson
|
|
Batting: LHB Sean Nicks
|
0-0: Ball 1-0: Ball 2-0: Swinging Strike 2-1: Ball 3-1: Swinging Strike 3-2: Strikes out swinging
|
Batting: RHB Alberto Hernández
|
0-0: Called Strike 0-1: Called Strike 0-2: Foul Ball, location: 2F 0-2: Strikes out swinging
|
Batting: RHB R.J. Crosby
|
0-0: Ball 1-0: Called Strike 1-1: SINGLE (Groundball, 56)
|
Batting: RHB Freddy Padilla
|
0-0: Ball 1-0: Fly out, F4 (Popup, 4)
|
Top of the 1st over - 0 run(s), 1 hit(s), 0 error(s), 1 left on base; Richmond 0 - Topeka 0 |
BOTTOM OF THE 1ST |
Topeka Tornados batting - Pitching for Richmond Flairs : RHP Nariaki Tanaka
|
Pitching: RHP Nariaki Tanaka
|
|
Batting: LHB Yoshiaki Ohayashi
|
0-0: Ball 1-0: Swinging Strike 1-1: Ball 2-1: Foul Ball, location: 2F 2-2: Ball 3-2: Foul Ball, location: 2F 3-2: Foul Ball, location: 2F 3-2: Base on Balls
|
Batting: RHB Armando Méndez
|
0-0: Called Strike 0-1: Grounds into double play, 5-4-3 (Groundball, 5)
|
Batting: LHB Ryan Drake
|
0-0: Ball 1-0: Ball 2-0: Ball 3-0: Called Strike 3-1: Foul Ball, location: 2F 3-2: SINGLE (Groundball, 3L)
|
Batting: RHB Alberto Campos
|
0-0: Foul Ball, location: 2F 0-1: Swinging Strike 0-2: Ground out 6-3 (Groundball, 6)
|
Bottom of the 1st over - 0 run(s), 1 hit(s), 0 error(s), 1 left on base; Richmond 0 - Topeka 0 |
TOP OF THE 2ND |
Richmond Flairs batting - Pitching for Topeka Tornados : LHP Anthony Erickson
|
Batting: RHB Tadakuni Sugiyama
|
0-0: Ball 1-0: Foul Ball, location: 2F 1-1: Ball 2-1: Ground out 6-3 (Groundball, 6)
|
Batting: RHB Elliott Johnston
|
0-0: Ball 1-0: Foul Ball, location: 2F 1-1: Ball 2-1: Foul Ball, location: 2F 2-2: Fly out, F8 (Flyball, 8RS)
|
Batting: RHB Tom Carey
|
0-0: Swinging Strike 0-1: Ball 1-1: Ball 2-1: Ball 3-1: Ground out 2-3 (Groundball, 2L)
|
Top of the 2nd over - 0 run(s), 0 hit(s), 0 error(s), 0 left on base; Richmond 0 - Topeka 0 |
BOTTOM OF THE 2ND |
Topeka Tornados batting - Pitching for Richmond Flairs : RHP Nariaki Tanaka
|
Batting: LHB Morgan Wright
|
0-0: Ball 1-0: Foul Ball, location: 2F 1-1: Foul Ball, location: 2F 1-2: Ball 2-2: Ball 3-2: SINGLE (Line Drive, 34)
|
Batting: RHB Don Thomas
|
0-0: Fly out, F9 (Flyball, 9S)
|
Batting: RHB Bob Hall
|
0-0: Swinging Strike 0-1: Ground out 4-3 (Groundball, 4M) Morgan Wright to second
|
Batting: RHB Cho-yun Qiao
|
0-0: Called Strike 0-1: Fly out, F7 (Line Drive, 7M)
|
Bottom of the 2nd over - 0 run(s), 1 hit(s), 0 error(s), 1 left on base; Richmond 0 - Topeka 0 |
TOP OF THE 3RD |
Richmond Flairs batting - Pitching for Topeka Tornados : LHP Anthony Erickson
|
Batting: LHB Roland Jones
|
0-0: Ball 1-0: Called Strike 1-1: Swinging Strike 1-2: Ball 2-2: Strikes out swinging
|
Batting: RHB Guo-xiu Hsueh
|
0-0: Ball 1-0: DOUBLE (Line Drive, 78XD)
|
Batting: LHB Sean Nicks
|
0-0: Called Strike 0-1: Foul Ball, location: 2F 0-2: Strikes out swinging
|
Batting: RHB Alberto Hernández
|
0-0: Ground out 6-3 (Groundball, 6)
|
Top of the 3rd over - 0 run(s), 1 hit(s), 0 error(s), 1 left on base; Richmond 0 - Topeka 0 |
BOTTOM OF THE 3RD |
Topeka Tornados batting - Pitching for Richmond Flairs : RHP Nariaki Tanaka
|
Batting: RHB Gabriel Santana
|
0-0: Ground out 1-3 (Groundball, 13)
|
Batting: LHB Yoshiaki Ohayashi
|
0-0: Called Strike 0-1: Foul Ball, location: 2F 0-2: Fly out, F8 (Flyball, 8LD)
|
Batting: RHB Armando Méndez
|
0-0: Foul Ball, location: 2F 0-1: Swinging Strike 0-2: Strikes out swinging
|
Bottom of the 3rd over - 0 run(s), 0 hit(s), 0 error(s), 0 left on base; Richmond 0 - Topeka 0 |
TOP OF THE 4TH |
Richmond Flairs batting - Pitching for Topeka Tornados : LHP Anthony Erickson
|
Batting: RHB R.J. Crosby
|
0-0: Called Strike 0-1: Ball 1-1: Ball 2-1: Ball 3-1: Foul Ball, location: 2F 3-2: Base on Balls
|
Batting: RHB Freddy Padilla
|
0-0: Foul Ball, location: 2F 0-1: Foul Ball, location: 2F 0-2: Ball 1-2: Fly out, F8 (Flyball, 8RM)
|
Batting: RHB Tadakuni Sugiyama
|
0-0: Ball 1-0: Ball 2-0: Ball 3-0: Called Strike 3-1: SINGLE (Line Drive, 4MD) R.J. Crosby to second
|
Batting: RHB Elliott Johnston
|
0-0: Called Strike 0-1: Foul Ball, location: 2F 0-2: Ball 1-2: Ball 2-2: Foul Ball, location: 2F 2-2: Foul Ball, location: 2F 2-2: SINGLE (Flyball, 8RS) R.J. Crosby to third Tadakuni Sugiyama to second
|
Batting: RHB Tom Carey
|
0-0: Ball 1-0: SINGLE (Flyball, 8LS) R.J. Crosby scores Tadakuni Sugiyama to third Elliott Johnston to second Runner from 3rd tries for Home, SAFE, throw made home Elliott Johnston to third Tom Carey to second
|
Batting: LHB Roland Jones
|
Balk! Elliott Johnston scores Tom Carey to third 0-0: Ball 1-0: Called Strike 1-1: Called Strike 1-2: Strikes out swinging
|
Batting: RHB Guo-xiu Hsueh
|
0-0: Ball 1-0: Ball 2-0: Ball 3-0: Called Strike 3-1: SINGLE (Line Drive, 7S) Tom Carey scores
|
Batting: LHB Sean Nicks
|
0-0: Called Strike 0-1: Foul Ball, location: 2F 0-2: Strikes out swinging
|
Top of the 4th over - 4 run(s), 4 hit(s), 0 error(s), 1 left on base; Richmond 4 - Topeka 0 |
BOTTOM OF THE 4TH |
Topeka Tornados batting - Pitching for Richmond Flairs : RHP Nariaki Tanaka
|
Batting: LHB Ryan Drake
|
0-0: Called Strike 0-1: Ball 1-1: Ball 2-1: Ball 3-1: Swinging Strike 3-2: Foul Ball, location: 2F 3-2: SOLO HOME RUN (Flyball, 9LD), Distance : 345 ft
|
Batting: RHB Alberto Campos
|
0-0: Ball 1-0: Ball 2-0: Called Strike 2-1: Ball 3-1: Foul Ball, location: 2F 3-2: Ground out 6-3 (Groundball, 6M)
|
Batting: LHB Morgan Wright
|
0-0: Ball 1-0: Swinging Strike 1-1: Ground out 4-3 (Groundball, 4)
|
Batting: RHB Don Thomas
|
0-0: SOLO HOME RUN (Flyball, 78XD), Distance : 408 ft
|
Batting: RHB Bob Hall
|
0-0: Ball 1-0: Foul Ball, location: 2F 1-1: Called Strike 1-2: Ball 2-2: Ball 3-2: Foul Ball, location: 2F 3-2: Foul Ball, location: 2F 3-2: Foul Ball, location: 2F 3-2: Foul Ball, location: 2F 3-2: Reached on error, E1 (Groundball, 13)
|
Batting: RHB Cho-yun Qiao
|
0-0: Called Strike 0-1: Ball 1-1: Foul Ball, location: 2F 1-2: Strikes out swinging
|
Bottom of the 4th over - 2 run(s), 2 hit(s), 1 error(s), 1 left on base; Richmond 4 - Topeka 2 |
TOP OF THE 5TH |
Richmond Flairs batting - Pitching for Topeka Tornados : LHP Anthony Erickson
|
Batting: RHB Alberto Hernández
|
0-0: Reached on Error, E7 (Line Drive, 7S)
|
Batting: RHB R.J. Crosby
|
0-0: Ball 1-0: Ball 2-0: Called Strike 2-1: Ball 3-1: Base on Balls Alberto Hernández to second
|
Batting: RHB Freddy Padilla
|
0-0: Called Strike 0-1: Called Strike 0-2: Foul Ball, location: 2F 0-2: Fielders Choice at 2nd, 5-4 (Groundball, 56) Alberto Hernández to third
|
Batting: RHB Tadakuni Sugiyama
|
0-0: Ball 1-0: Called Strike 1-1: Foul Ball, location: 2F 1-2: Foul Ball, location: 2F 1-2: SINGLE (Line Drive, 4D) Alberto Hernández scores Freddy Padilla to second Runner from 2nd tries for 3rd, SAFE, throw made to third
|
Pitching: RHP Masamichi Samurakami
|
|
Batting: RHB Elliott Johnston
|
0-0: Swinging Strike 0-1: Ball 1-1: 3-RUN HOME RUN (Line Drive, 7D), Distance : 376 ft
|
Batting: RHB Tom Carey
|
0-0: Ball 1-0: Foul Ball, location: 2F 1-1: Ball 2-1: Foul Ball, location: 2F 2-2: Ball 3-2: Ground out 6-3 (Groundball, 6)
|
Batting: LHB Roland Jones
|
0-0: Ball 1-0: Ground out 6-3 (Groundball, 6)
|
Top of the 5th over - 4 run(s), 2 hit(s), 1 error(s), 0 left on base; Richmond 8 - Topeka 2 |
BOTTOM OF THE 5TH |
Topeka Tornados batting - Pitching for Richmond Flairs : RHP Nariaki Tanaka
|
Batting: RHB Gabriel Santana
|
0-0: Called Strike 0-1: Swinging Strike 0-2: Ball 1-2: Foul Ball, location: 2F 1-2: Strikes out swinging
|
Batting: LHB Yoshiaki Ohayashi
|
0-0: Foul Ball, location: 2F 0-1: Foul Ball, location: 2F 0-2: Ground out 6-3 (Groundball, 6)
|
Batting: RHB Armando Méndez
|
0-0: Called Strike 0-1: Called Strike 0-2: Ball 1-2: Foul Ball, location: 2F 1-2: Foul Ball, location: 2F 1-2: Foul Ball, location: 2F 1-2: Ball 2-2: Ball 3-2: Ground out 5-3 (Groundball, 5S)
|
Bottom of the 5th over - 0 run(s), 0 hit(s), 0 error(s), 0 left on base; Richmond 8 - Topeka 2 |
TOP OF THE 6TH |
Richmond Flairs batting - Pitching for Topeka Tornados : RHP Masamichi Samurakami
|
Batting: RHB Guo-xiu Hsueh
|
0-0: Ball 1-0: Ball 2-0: Foul Ball, location: 2F 2-1: SINGLE (Groundball, 6)
|
Batting: LHB Sean Nicks
|
0-0: Fly out, F8 (Flyball, 8RD)
|
Batting: RHB Alberto Hernández
|
0-0: Called Strike 0-1: Ball 1-1: Ball 2-1: DOUBLE (Groundball, 5D) Guo-xiu Hsueh to third
|
Batting: RHB R.J. Crosby
|
0-0: Foul Ball, location: 2F 0-1: Ball 1-1: Ball 2-1: Ball 3-1: Fly out, F7 (Flyball, 7D) Runner from 3rd tags up, SCORES, no throw
|
Batting: RHB Freddy Padilla
|
0-0: DOUBLE (Groundball, 3D) Alberto Hernández scores
|
Pitching: RHP Gerald Hood
|
|
Batting: RHB Tadakuni Sugiyama
|
0-0: Called Strike 0-1: Fly out, F3 (Popup, 3F)
|
Top of the 6th over - 2 run(s), 3 hit(s), 0 error(s), 1 left on base; Richmond 10 - Topeka 2 |
BOTTOM OF THE 6TH |
Topeka Tornados batting - Pitching for Richmond Flairs : RHP Nariaki Tanaka
|
Batting: LHB Ryan Drake
|
0-0: Fly out, F8 (Line Drive, 8RM)
|
Batting: RHB Alberto Campos
|
0-0: Ball 1-0: Ball 2-0: Ball 3-0: Called Strike 3-1: Foul Ball, location: 2F 3-2: Foul Ball, location: 2F 3-2: Fly out, F8 (Flyball, 8LXD)
|
Batting: LHB Morgan Wright
|
0-0: Ball 1-0: Ball 2-0: Called Strike 2-1: Ball 3-1: Base on Balls
|
Batting: RHB Don Thomas
|
0-0: Foul Ball, location: 2F 0-1: Swinging Strike 0-2: SINGLE (Line Drive, 8LS) Morgan Wright to second
|
Pitching: RHP Octávio Morín
|
|
Batting: RHB Bob Hall
|
0-0: Ball 1-0: Foul Ball, location: 2F 1-1: Fly out, F1 (Flyball, 15)
|
Bottom of the 6th over - 0 run(s), 1 hit(s), 0 error(s), 2 left on base; Richmond 10 - Topeka 2 |
TOP OF THE 7TH |
Richmond Flairs batting - Pitching for Topeka Tornados : RHP Gerald Hood
|
Batting: RHB Elliott Johnston
|
0-0: Ball 1-0: Ball 2-0: Ball 3-0: Base on Balls
|
Batting: RHB Tom Carey
|
0-0: Ball 1-0: Foul Ball, location: 2F 1-1: Ball 2-1: Fly out, F7 (Flyball, 78S)
|
Batting: LHB Roland Jones
|
0-0: Called Strike 0-1: Foul Ball, location: 2F 0-2: Ball 1-2: Ball 2-2: Foul Ball, location: 2F 2-2: Strikes out swinging
|
Batting: RHB Guo-xiu Hsueh
|
0-0: Ball 1-0: Ball 2-0: Foul Ball, location: 2F 2-1: Fly out, F8 (Flyball, 8RD)
|
Top of the 7th over - 0 run(s), 0 hit(s), 0 error(s), 1 left on base; Richmond 10 - Topeka 2 |
BOTTOM OF THE 7TH |
Topeka Tornados batting - Pitching for Richmond Flairs : RHP Octávio Morín
|
Batting: RHB Cho-yun Qiao
|
0-0: Ground out 6-3 (Groundball, 6S)
|
Batting: RHB Gabriel Santana
|
0-0: Ball 1-0: Fly out, F8 (Flyball, 8LS)
|
Batting: LHB Yoshiaki Ohayashi
|
0-0: Called Strike 0-1: Ball 1-1: Ball 2-1: Ball 3-1: Base on Balls
|
Batting: RHB Armando Méndez
|
0-0: Called Strike 0-1: Ball 1-1: Fielders Choice at 2nd, U4 (Groundball, 4M)
|
Bottom of the 7th over - 0 run(s), 0 hit(s), 0 error(s), 1 left on base; Richmond 10 - Topeka 2 |
TOP OF THE 8TH |
Richmond Flairs batting - Pitching for Topeka Tornados : RHP Gerald Hood
|
Batting: LHB Sean Nicks
|
0-0: Ball 1-0: Foul Ball, location: 2F 1-1: Ball 2-1: Foul Ball, location: 2F 2-2: Ball 3-2: Foul Ball, location: 2F 3-2: Strikes out looking
|
Batting: RHB Alberto Hernández
|
0-0: SINGLE (Line Drive, 56)
|
Batting: RHB R.J. Crosby
|
0-0: Foul Ball, location: 2F 0-1: Ball 1-1: Called Strike 1-2: Foul Ball, location: 2F 1-2: Fly out, F9 (Flyball, 9D)
|
Batting: RHB Freddy Padilla
|
0-0: Ball 1-0: Called Strike 1-1: Called Strike 1-2: DOUBLE (Line Drive, 9LM) Alberto Hernández to third Runner from 3rd tries for Home, SAFE, no throw or cutoff
|
Batting: RHB Tadakuni Sugiyama
|
0-0: Ball 1-0: Called Strike 1-1: Called Strike 1-2: Ball 2-2: Ball 3-2: Base on Balls
|
Pinch Hitting: RHB Max Jones
|
0-0: Foul Ball, location: 2F 0-1: Foul Ball, location: 2F 0-2: Strikes out looking
|
Top of the 8th over - 1 run(s), 2 hit(s), 0 error(s), 2 left on base; Richmond 11 - Topeka 2 |
BOTTOM OF THE 8TH |
Topeka Tornados batting - Pitching for Richmond Flairs : RHP Octávio Morín
|
Now in LF: Max Jones
|
|
Pinch Hitting: RHB Norberto Taváres
|
0-0: Ground out 5-3 (Groundball, 56)
|
Batting: RHB Alberto Campos
|
0-0: Ball 1-0: Ball 2-0: Called Strike 2-1: Foul Ball, location: 2F 2-2: Strikes out looking
|
Batting: LHB Morgan Wright
|
0-0: Ball 1-0: Ground out 4-3 (Groundball, 34)
|
Bottom of the 8th over - 0 run(s), 0 hit(s), 0 error(s), 0 left on base; Richmond 11 - Topeka 2 |
TOP OF THE 9TH |
Richmond Flairs batting - Pitching for Topeka Tornados : RHP Gerald Hood
|
Pitching: RHP Craig Adams
|
|
Now at SS: José González
|
|
Batting: RHB Tom Carey
|
0-0: Called Strike 0-1: Ball 1-1: Foul Ball, location: 2F 1-2: Ball 2-2: Ball 3-2: Base on Balls
|
Batting: LHB Roland Jones
|
0-0: Sac Bunt - play at first, batter OUT! 2-3 Tom Carey to second
|
Batting: RHB Guo-xiu Hsueh
|
0-0: Called Strike 0-1: Ball 1-1: Ball 2-1: Swinging Strike 2-2: Strikes out swinging
|
Batting: LHB Sean Nicks
|
0-0: DOUBLE (Line Drive, 9D) Tom Carey scores
|
Batting: RHB Alberto Hernández
|
0-0: Ball 1-0: Ball 2-0: Ball 3-0: Base on Balls
|
Pitching: RHP Reginaldo Coscia
|
|
Batting: RHB R.J. Crosby
|
0-0: Foul Ball, location: 2F 0-1: Ball 1-1: Ball 2-1: Ball 3-1: Foul Ball, location: 2F 3-2: Base on Balls Sean Nicks to third Alberto Hernández to second
|
Batting: RHB Freddy Padilla
|
0-0: Foul Ball, location: 2F 0-1: Foul Ball, location: 2F 0-2: Strikes out looking
|
Top of the 9th over - 1 run(s), 1 hit(s), 0 error(s), 3 left on base; Richmond 12 - Topeka 2 |
BOTTOM OF THE 9TH |
Topeka Tornados batting - Pitching for Richmond Flairs : RHP Octávio Morín
|
Batting: RHB Don Thomas
|
0-0: Swinging Strike 0-1: Ball 1-1: Foul Ball, location: 2F 1-2: DOUBLE (Line Drive, 7LS)
|
Batting: RHB Bob Hall
|
0-0: Ball 1-0: Ball 2-0: Ball 3-0: Called Strike 3-1: Base on Balls
|
Batting: RHB Cho-yun Qiao
|
0-0: Ball 1-0: Ball 2-0: Called Strike 2-1: Ball 3-1: Swinging Strike 3-2: SINGLE (Groundball, 56D) (infield hit) Don Thomas to third Bob Hall to second
|
Batting: RHB Gabriel Santana
|
0-0: Ball 1-0: Ball 2-0: Foul Ball, location: 2F 2-1: Grounds into double play, 6-4-3 (Groundball, 6) Don Thomas scores Bob Hall to third
|
Batting: LHB Yoshiaki Ohayashi
|
0-0: Fly out, F7 (Line Drive, 7M)
|
Bottom of the 9th over - 1 run(s), 2 hit(s), 0 error(s), 1 left on base; Richmond 12 - Topeka 3 |
|